 Dungeon Crawl Stone Soup version 0.26-a0-40-gfe7b5d5a6f (webtiles) character file.

Game seed: 16372831317940272470, levelgen mode: deterministic

275358 D1HalberdGnoll the Warrior (level 19, -26/274 HPs)
             Began as a Yellow Draconian Berserker on May 29, 2020.
             Was an Elder of Trog.
             Killed from afar by a shadow dragon (29 damage)
             ... with a bolt of negative energy
             ... on level 2 of the Depths on May 31, 2020.
             The game lasted 01:44:26 (64938 turns).

D1HalberdGnoll the Warrior (DrBe)                  Turns: 64938, Time: 01:44:26

Health: -26/274    AC: 13    Str: 20    XL:     19   Next: 55%
Magic:  27/27      EV: 22    Int:  9    God:    Trog [****..]
Gold:   2245       SH: 15    Dex: 21    Spells: 18/18 levels left

rFire    . . .     SeeInvis .   E - +9 broad axe
rCold    + . .     Gourm    .   H - +2 kite shield
rNeg     . . .     Faith    .   (armour unavailable)
rPois    +         Spirit   .   a - +0 hat
rElec    .         Reflect  .   N - scarf {repulsion}
rCorr    +         Harm     .   S - +0 pair of gloves
MR       +++..                  J - +1 pair of boots
Stlth    ..........             (no amulet)
HPRegen  1.55/turn              o - ring of protection from cold
MPRegen  0.20/turn              w - ring of Bimnehua {rPois Str-4 Dex+8}

@: berserking (expiring), starving, regenerating, heavily drained, repel
missiles, very quick
A: spit acid, unfitting armour, acidic bite, cold-blooded, acid resistance, AC
+10
}: 2/15 runes: serpentine, barnacled
a: Breathe Acid, Berserk, Trog's Hand, Brothers in Arms, Renounce Religion


You were on level 2 of the Depths.
You worshipped Trog.
Trog was greatly pleased with you.
You were starving.

You visited 6 branches of the dungeon, and saw 33 of its levels.

You collected 3282 gold pieces.
You spent 1037 gold pieces at shops.

Inventory:

Hand Weapons
 E - a +9 broad axe (weapon)
Missiles
 F - 13 throwing nets (quivered)
Armour
 a - a +0 hat (worn)
 H - a +2 kite shield (worn)
 J - a +1 pair of boots (worn)
 N - a scarf of repulsion (worn)
 S - a +0 pair of gloves (worn)
Jewellery
 o - a ring of protection from cold (left hand)
 w - the ring of Bimnehua (right hand) {rPois Str-4 Dex+8}
   (You found it on level 13 of the Dungeon)

   [ring of poison resistance]

   It affects your strength (-4).
   It affects your dexterity (+8).
   It protects you from poison.
 O - an uncursed ring of protection from fire
Wands
 y - a wand of disintegration (17)
 A - a wand of acid (20)
 C - a wand of iceblast (30)
 I - a wand of digging (8)
 K - a wand of flame (28)
 M - a wand of paralysis (25)
 P - a wand of clouds (3)
 U - a wand of polymorph (18)
Scrolls
 c - 5 scrolls of immolation
 d - a scroll of magic mapping
 h - 5 scrolls of identify
 i - 3 scrolls of teleportation
 j - 5 scrolls of fear
 p - 2 scrolls of enchant weapon
 v - 21 scrolls of remove curse
 B - 5 scrolls of enchant armour
 V - 6 scrolls of fog
Potions
 f - 9 potions of mutation
 g - 5 potions of might
 k - 10 potions of curing
 m - 5 potions of flight
 n - 2 potions of cancellation {unknown}
 q - 8 potions of lignification
 r - 10 potions of haste
 t - 3 potions of invisibility
 x - 3 potions of ambrosia
 L - 3 potions of heal wounds
Miscellaneous
 D - a phial of floods
 Q - 2 phantom mirrors
 T - a box of beasts
Comestibles
 b - 2 rations


   Skills:
 * Level 19.5(15.6) Fighting
 - Level 18.0(14.2) Axes
 - Level 15.1(11.6) Dodging
 - Level 15.0(11.4) Shields
 + Level 11.4(8.2) Evocations


You had 18 spell levels left.
You didn't know any spells.
Your spell library was empty.

Dungeon Overview and Level Annotations

Branches:
Dungeon (15/15)            Temple (0/1) D:7            Lair (6/6) D:8
 Shoals (4/4) Lair:3        Snake (4/4) Lair:4        Slime (0/5) Lair:5
    Orc (2/2) D:10            Elf (0/3) Orc:2        Vaults (0/5) D:14
 Depths (2/5) D:15

Altars:
Ashenzari
Elyvilon
Gozag
Hepliaklqana
Kikubaaqudgha
Nemelex Xobeh
Okawaru
Qazlal
Ru
Trog
Uskayaw
Vehumet
Xom
Yredelemnul
Zin
Beogh

Shops:
D:12 *   Orc:2 :[}*   Snake:2 =}=   Snake:3 *

Portals:
Hell: Depths:1

Annotations:
D:14 exclusion: ice statue
Lair:5 exclusion: 2 oklob plants


Innate Abilities, Weirdness & Mutations

You can spit globs of acid.
Your golden yellow scales are hard. (AC +10)
You cannot fit into any form of body armour.
You have acidic saliva.
You are cold-blooded and may be slowed by cold attacks.
You are resistant to acid. (rCorr)


Message History

Really walk into that cloud of freezing vapour? [Y]es or [N]o only, please.
Really walk into that cloud of freezing vapour?
Okay, then.
You hit something but do no damage. You tail-slap something.
You closely miss something.
Okay, then.
You miss something. You hit something. Something hits you!!
* * * LOW HITPOINT WARNING * * *
Something barely misses you. You block something's attack.
Something barely misses you.
You slash something! You hit something. You block something's attack.
Something bites you but does no damage. Something hits you!
* * * LOW HITPOINT WARNING * * *
Something bites you but does no damage.
You slice something!! You slash something!
The shadow dragon breathes negative energy at you.
The bolt of negative energy hits something but does no damage.
The bolt of negative energy hits you!!
You feel drained.
You die...

#..... #
#....#
#.#....#
#.#....#
#......# #
#....# .#
#...{###Z#
#..<°@{Dp#
##########


You could see a shadow dragon (soul bound, catching breath), a necromancer and a
spriggan berserker zombie (summoned).

Vanquished Creatures
  Saint Roka (Snake:3)
  A golden dragon (Depths:1)
  A kraken (Shoals:4)
  Polyphemus (Shoals:2)
  2 shadow dragons (Depths:2)
  Kirke (Snake:2)
  A tengu reaver (Depths:1)
  A fire giant (Depths:1)
  18 nagarajas
  A deep elf elementalist (Depths:1)
  4 stone giants (Depths:1)
  2 very ugly things (Depths:1)
  A vampire knight (Depths:1)
  4 spark wasps (Depths:1)
  A dire elephant (Lair:6)
  A minotaur (Shoals:1)
  6 merfolk javelineers
  3 ettins (Depths:1)
  A yaktaur captain (D:15)
  9 merfolk impalers
  A fire dragon (Depths:1)
  Erolcha (D:9)
  3 great orbs of eyes (Depths:1)
  4 vault guards (D:14)
  Harold (Lair:1)
  2 ice dragons
  26 naga warriors
  4 hydras
  3 catoblepae
  A caustic shrike simulacrum (Depths:1)
  An alligator snapping turtle (Shoals:3)
  A centaur warrior (D:15)
  10 anacondas
  A death knight (D:13)
  6 merfolk avatars
  3 merfolk aquamancers
  3 deep troll shamans
  5 two-headed ogres
  5 satyrs
  15 death yaks
  A tengu warrior (Depths:1)
  5 orc high priests
  2 vampire magi
  23 naga sharpshooters
  The ghost of Majang the Grappler, a novice TrMo of Cheibriados (Lair:1)
  Urug (Lair:4)
  5 shock serpents
  10 sea snakes
  A salamander mystic (Snake:4)
  3 hell knights (Depths:1)
  A deep troll (Depths:1)
  2 unseen horrors (D:10)
  4 orc knights (Orc:2)
  14 naga ritualists
  2 wizards (Depths:1)
  8 mana vipers
  7 harpies
  4 necromancers
  5 orc sorcerers (Orc:2)
  3 ugly things
  13 fauns
  A wolf spider (D:15)
  16 manticores
  5 cyclopes
  6 salamanders
  A frost giant skeleton (Depths:1)
  16 elephants
  10 water nymphs
  37 black mambas
  6 merfolk sirens
  7 guardian serpents
  19 naga magi
  A spiny frog (shapeshifter) (D:14)
  Joseph (D:8)
  8 spiny frogs
  4 centaur skeletons
  2 gargoyles
  2 kobold demonologists (D:12)
  7 yaktaurs
  A tengu conjurer (D:14)
  2 rime drakes
  6 komodo dragons
  5 trolls
  4 meliai
  21 merfolk
  6 wind drakes
  2 polar bears
  19 dream sheep
  A hornet (D:13)
  An ice dragon zombie (Depths:1)
  Prince Ribbit (D:8)
  9 snapping turtles
  16 blink frogs
  4 slime creatures
  9 hippogriffs
  Grinder (D:5)
  19 water elementals
  2 wraiths
  A shadow (D:12)
  6 wyverns
  3 basilisks
  31 yaks
  A yak (shapeshifter) (Depths:1)
  A wyvern (shapeshifter) (Depths:1)
  5 vampire mosquitoes
  2 hungry ghosts
  4 wargs
  80 nagas
  19 water moccasins
  An acid dragon (D:13)
  4 porcupines
  29 orc warriors
  A meliai simulacrum (D:14)
  5 black bears
  12 ice beasts
  3 phantoms
  3 sky beasts
  5 boggarts (D:15)
  8 ogres
  A necrophage (D:7)
  7 centaurs
  11 wolves
  10 big kobolds
  11 crocodiles
  17 bullfrogs
  A gnoll sergeant (D:9)
  2 wyvern skeletons
  5 scorpions
  36 killer bees
  9 wights
  7 electric eels
  8 crimson imps
  7 howler monkeys
  A bullfrog skeleton (D:4)
  10 hounds
  9 jellies
  17 orc priests
  2 iguanas
  28 orc wizards
  2 hell rats (Lair:6)
  5 worker ants
  A hound skeleton (D:10)
  2 worker ant zombies
  24 adders
  15 gnolls
  A howler monkey skeleton (D:6)
  11 river rats
  3 shadow imps
  2 white imps (D:14)
  An ooze (D:3)
  2 adder zombies
  5 worms
  3 dart slugs (D:1)
  4 leopard geckos
  81 orcs
  7 ball pythons
  3 giant cockroaches
  7 goblins
  5 hobgoblins
  20 jackals
  36 kobolds
  3 quokkas
  6 bats
  9 frilled lizards
  2 jackal skeletons
  A leopard gecko zombie (D:6)
  6 rats
  A bush (Lair:6)
  6 fungi
  11 plants
  2 tentacles (Shoals:4)
1259 creatures vanquished.

Vanquished Creatures (collateral kills)
  2 spark wasps (Depths:1)
  A merfolk javelineer (Shoals:4)
  A merfolk impaler (Shoals:4)
  A fire dragon (Depths:1)
  3 hydras
  An ice dragon (Depths:1)
  A deep troll earth mage (Depths:1)
  A salamander mystic (Snake:4)
  A deep troll (Depths:1)
  2 harpies (Shoals:4)
  4 ugly things (Depths:1)
  A manticore (Shoals:4)
  A merfolk siren (Shoals:4)
  A naga mage (Snake:4)
  A water nymph (Shoals:3)
  A merfolk (Shoals:4)
  A wind drake (Shoals:4)
  5 nagas (Snake:4)
  A porcupine (Lair:5)
30 creatures vanquished.

Vanquished Creatures (others)
  A polar bear (D:14)
  A snapping turtle (Shoals:1)
  5 humans (Snake:2)
  An adder (Snake:2)
  2 bushes (Lair:6)
  23 fungi
  36 plants
  4 tentacles (Shoals:4)
73 creatures vanquished.

Grand Total: 1362 creatures vanquished

Notes
Turn   | Place    | Note
-------+----------+-------------------------------------------
     0 | D:1      | D1HalberdGnoll the Draconian Berserker began the quest for
                  | the Orb.
     0 | D:1      | Reached XP level 1. HP: 19/19 MP: 1/1
    38 | D:1      | Reached XP level 2. HP: 21/26 MP: 2/2
   444 | D:1      | Reached ** piety under Trog
   542 | D:1      | Reached XP level 3. HP: 33/33 MP: 3/3
  1091 | D:2      | Reached XP level 4. HP: 40/40 MP: 4/4
  1237 | D:2      | Reached skill level 4 in Fighting
  1757 | D:2      | Reached XP level 5. HP: 40/46 MP: 5/5
  2093 | D:2      | Found a faded altar of an unknown god.
  2472 | D:2      | Found a sparkling altar of Nemelex Xobeh.
  2656 | D:2      | Found an opulent altar of Gozag.
  3030 | D:3      | Found a bloodstained altar of Trog.
  3445 | D:3      | Reached *** piety under Trog
  3541 | D:3      | Found an iron altar of Okawaru.
  4057 | D:3      | Reached skill level 5 in Axes
  4389 | D:3      | Reached XP level 6. HP: 37/53 MP: 6/6
  4864 | D:4      | Reached skill level 5 in Fighting
  5212 | D:4      | Found a basalt altar of Yredelemnul.
  5413 | D:5      | Entered Level 5 of the Dungeon
  5432 | D:5      | Your scales start taking on a golden yellow colour.
  5432 | D:5      | Reached XP level 7. HP: 47/61 MP: 7/7
  5432 | D:5      | Gained mutation: You are resistant to acid. (rCorr) [Yellow
                  | Draconian growth]
  6401 | D:5      | Noticed Grinder
  6406 | D:5      | Killed Grinder
  6406 | D:5      | Reached skill level 6 in Fighting
  6406 | D:5      | Reached skill level 5 in Dodging
  6406 | D:5      | Reached XP level 8. HP: 70/70 MP: 8/8
  6651 | D:5      | Found an ancient bone altar of Kikubaaqudgha.
  6959 | D:5      | Found the +4 robe of Augmentation {Str+4 Int+4 Dex+4}
  7203 | D:6      | Noticed a hippogriff
  7213 | D:6      | Killed a hippogriff
  7649 | D:6      | Reached **** piety under Trog
  7750 | D:6      | Found a sacrificial altar of Ru.
  7825 | D:6      | Reached skill level 7 in Fighting
  7912 | D:6      | Found a white marble altar of Elyvilon.
  8225 | D:7      | Reached XP level 9. HP: 79/79 MP: 9/9
  8492 | D:7      | Found a staircase to the Ecumenical Temple.
  8601 | D:7      | Found a hazy altar of Hepliaklqana.
  9450 | D:7      | Found a stormy altar of Qazlal.
  9529 | D:8      | Noticed Joseph
  9546 | D:8      | Killed Joseph
  9754 | D:8      | Reached skill level 8 in Fighting
  9843 | D:8      | Found a staircase to the Lair.
  9843 | D:8      | Noticed an elephant
  9852 | D:8      | Killed an elephant
  9852 | D:8      | Reached skill level 10 in Axes
  9934 | D:8      | Noticed Prince Ribbit
  9950 | D:8      | Killed Prince Ribbit
 10274 | D:8      | Noticed a two-headed ogre
 10282 | D:8      | Killed a two-headed ogre
 10282 | D:8      | Reached XP level 10. HP: 89/89 MP: 10/10
 10313 | D:8      | Found a shattered altar of Ashenzari.
 10362 | D:8      | Noticed a two-headed ogre
 10371 | D:8      | Killed a two-headed ogre
 10371 | D:8      | Reached skill level 9 in Fighting
 11032 | D:9      | Noticed Erolcha
 12129 | D:9      | Killed Erolcha
 12209 | D:9      | Found a glowing silver altar of Zin.
 12245 | D:9      | Noticed a harpy
 12245 | D:9      | a hornet changed into a harpy
 12262 | D:9      | a harpy changed into something unseen
 12296 | D:9      | Found a shimmering altar of Xom.
 12296 | D:9      | Found a shimmering altar of Xom.
 12296 | D:9      | Found a shimmering altar of Xom.
 12298 | D:9      | Found a shimmering altar of Xom.
 12302 | D:9      | Noticed a moth of wrath
 12302 | D:9      | a wind drake changed into a moth of wrath
 12365 | D:9      | Noticed a torpor snail
 12370 | D:9      | Found a shimmering altar of Xom.
 12577 | D:9      | Found a radiant altar of Vehumet.
 12702 | D:10     | Entered Level 10 of the Dungeon
 12738 | D:10     | Found a flagged portal.
 12842 | D:10     | Found a staircase to the Orcish Mines.
 12853 | D:10     | Reached XP level 11. HP: 98/98 MP: 11/11
 13057 | D:10     | Killed an unseen horror
 13057 | D:10     | Reached skill level 10 in Fighting
 14493 | Lair:1   | Entered Level 1 of the Lair of Beasts
 14848 | Lair:1   | Noticed Harold
 15064 | Lair:1   | Killed Harold
 15835 | Lair:1   | Found a runed translucent door.
 16440 | Lair:1   | Noticed Majang's ghost (novice TrMo)
 16449 | Lair:1   | Killed Majang's ghost
 17330 | Lair:2   | Reached skill level 11 in Fighting
 17369 | Lair:2   | Reached XP level 12. HP: 53/110 MP: 12/12
 18819 | Lair:3   | Noticed a five-headed hydra
 18836 | Lair:3   | Killed a five-headed hydra
 18836 | Lair:3   | Reached skill level 1 in Shields
 19453 | Lair:3   | Found a staircase to the Shoals.
 20035 | Lair:4   | Found a staircase to the Snake Pit.
 20207 | Lair:4   | Reached skill level 10 in Dodging
 21014 | Lair:4   | Noticed Urug
 21040 | Lair:4   | Killed Urug
 21792 | Lair:4   | Reached skill level 12 in Fighting
 22784 | Lair:5   | Noticed a six-headed hydra
 22791 | Lair:5   | Killed a six-headed hydra
 22867 | Lair:5   | Noticed a six-headed hydra
 22878 | Lair:5   | Killed a six-headed hydra
 22878 | Lair:5   | Reached skill level 15 in Axes
 22878 | Lair:5   | Reached XP level 13. HP: 118/118 MP: 13/13
 22954 | Lair:5   | Found a staircase to the Slime Pits.
 24398 | Lair:6   | Entered Level 6 of the Lair of Beasts
 24507 | Lair:6   | Reached skill level 5 in Shields
 26484 | Lair:6   | Reached skill level 13 in Fighting
 27390 | Lair:6   | Gained mutation: You have acidic saliva. [Yellow Draconian
                  | growth]
 27390 | Lair:6   | Reached XP level 14. HP: 78/129 MP: 14/14
 29081 | D:11     | Found a sparkling altar of Nemelex Xobeh.
 29508 | D:12     | Found Keommap's Demolitions Depot.
 29531 | D:12     | Bought a wand of clouds (5) for 351 gold pieces
 30625 | D:12     | Reached ***** piety under Trog
 31063 | D:13     | Got a scorched amber ring
 31064 | D:13     | Identified the ring of Bimnehua {rPois Str-4 Dex+8} (You
                  | found it on level 13 of the Dungeon)
 31916 | D:14     | Reached skill level 1 in Evocations
 32643 | D:14     | Found a gate to the Vaults.
 33448 | D:15     | Entered Level 15 of the Dungeon
 33533 | D:15     | Reached XP level 15. HP: 137/137 MP: 17/17
 33568 | D:15     | Reached skill level 14 in Fighting
 34271 | D:15     | Found a staircase to the Depths.
 34928 | D:15     | Found an opulent altar of Gozag.
 35392 | Snake:1  | Entered Level 1 of the Snake Pit
 35425 | Snake:1  | Received a gift from Trog
 36778 | Snake:2  | Found Tuepiac's Jewellery Boutique.
 36778 | Snake:2  | Found Birux's Gadget Emporium.
 36779 | Snake:2  | Found Zuremiaw's Jewellery Boutique.
 37044 | Snake:2  | Noticed a nagaraja
 37050 | Snake:2  | Killed a nagaraja
 37072 | Snake:2  | Noticed Kirke
 37083 | Snake:2  | Killed Kirke
 38249 | Snake:2  | Received a gift from Trog
 38547 | Snake:2  | Reached skill level 5 in Evocations
 38873 | Snake:2  | Noticed a nagaraja
 38885 | Snake:2  | Killed a nagaraja
 39919 | Snake:3  | Noticed a nagaraja
 40098 | Snake:3  | Reached XP level 16. HP: 123/147 MP: 20/20
 40381 | Snake:3  | Reached skill level 10 in Shields
 40763 | Snake:3  | Reached skill level 15 in Fighting
 41243 | Snake:3  | Found Xifupp's Assorted Antiques.
 41251 | Snake:3  | Bought a scroll of teleportation for 96 gold pieces
 41251 | Snake:3  | Bought a scroll of teleportation for 96 gold pieces
 42046 | Snake:3  | Noticed Saint Roka
 42093 | Snake:3  | Killed Saint Roka
 42590 | Snake:4  | Entered Level 4 of the Snake Pit
 42604 | Snake:3  | Received a gift from Trog
 42940 | Snake:4  | Identified the ring of Ethics {+Fly rF+}
 45595 | Snake:3  | Found Xifupp's Assorted Antiques.
 46722 | Snake:4  | Reached XP level 17. HP: 158/158 MP: 23/23
 46807 | Snake:4  | Reached skill level 16 in Fighting
 50328 | Snake:4  | Got a serpentine rune of Zot
 50797 | Orc:1    | Entered Level 1 of the Orcish Mines
 50797 | Orc:1    | Found a roughly hewn altar of Beogh.
 50887 | Orc:1    | Found a roughly hewn altar of Beogh.
 51698 | Orc:2    | Entered Level 2 of the Orcish Mines
 51708 | Orc:2    | Reached skill level 10 in Evocations
 51746 | Orc:2    | Found a staircase to the Elven Halls.
 51761 | Orc:2    | Received a gift from Trog
 52083 | Orc:2    | Found Uvvibb's Assorted Antiques.
 52512 | Orc:2    | Paralysed by an orc sorcerer for 4 turns
 52816 | Orc:2    | Found Taluyf Dusyi's Book Shoppe.
 52820 | Orc:2    | Found Sizym's Antique Armour Boutique.
 52826 | Orc:2    | Bought a glowing kite shield for 247 gold pieces
 52826 | Orc:2    | Bought a shiny kite shield for 247 gold pieces
 52868 | Orc:2    | Found Jejil's Gadget Boutique.
 53032 | Orc:2    | Upgraded the game from 0.26-a0-34-g9e0bf03589 to
                  | 0.26-a0-40-gfe7b5d5a6f
 53285 | Shoals:1 | Entered Level 1 of the Shoals
 54075 | Shoals:1 | Reached skill level 17 in Fighting
 54081 | Shoals:1 | Reached XP level 18. HP: 169/169 MP: 25/25
 54089 | Shoals:1 | Received a gift from Trog
 54874 | Shoals:1 | Found a hide-covered altar of Uskayaw.
 56187 | Shoals:2 | Reached skill level 15 in Dodging
 56553 | Shoals:2 | Noticed Polyphemus
 56572 | Shoals:2 | Killed Polyphemus
 56891 | Shoals:3 | Received a gift from Trog
 58560 | Shoals:4 | Entered Level 4 of the Shoals
 59623 | Shoals:4 | Reached skill level 18 in Fighting
 60296 | Shoals:4 | Found the +7 Kryia's mail coat {PotionHeal*2 rC+}
 60847 | Shoals:4 | Got a barnacled rune of Zot
 61303 | Depths:1 | Entered Level 1 of the Depths
 61540 | Depths:1 | Reached XP level 19. HP: 99/179 MP: 26/26
 61804 | Depths:1 | Reached skill level 15 in Shields
 62417 | Depths:1 | Noticed a golden dragon
 62435 | Depths:1 | Killed a golden dragon
 62898 | Depths:1 | Reached skill level 19 in Fighting
 63453 | Depths:1 | Found a gateway to Hell.
 63968 | Depths:1 | You fall into a shaft and drop 1 floor!
 64478 | Depths:2 | Paralysed by a vampire knight for 7 turns
 64936 | Depths:2 | HP: 7/274 [something (28)]
 64937 | Depths:2 | HP: 2/274 [something (7)]
 64938 | Depths:2 | Killed from afar by a shadow dragon

Illustrated notes

Levels and vault maps discovered:
D:1:      lightli_arrival_flooded_house, layout_basic
D:2:      layout_basic, grunt_temple_overflow_opulence,
          chequers_ecumenical_altar_simple, minmay_snake_closets
D:3:      layout_loops_corners, nicolae_overflow_crystal_walls,
          kennysheep_okawaru_gauntlet
D:4:      layout_gridville, marbit_many_paths
D:5:      minmay_octagon_keep, layout_cave_pools, kennysheep_little_box,
          first_ration, kennysheep_diamond, uniq_grinder
D:6:      layout_loops_ring, nicolae_ru_sacrificial_ziggurat, elyvilon_altar_5
D:7:      layout_loops_ring, old_standard_altar, lemuel_coloured_pillars_altar,
          minmay_temple_entry_drinking_statues
D:8:      layout_basic, old_standard_altar, david_lair_generic,
          uniq_prince_ribbit1, uniq_joseph
D:9:      layout_irregular_city, kennysheep_mini_moat, vehumet_altar_wand_db,
          xom_shifter_show, uniq_erolcha
D:10:     layout_irregular_city, david_orc_2, enter_bailey_8
D:11:     layout_small_grid, basic_altar, hangedman_ranch
          [blue_anna_fruit_fields]
D:12:     layout_roguey, minmay_liquid_box, nicolae_blasting_shop,
          nicolae_underground_beach
D:13:     minmay_ambush_box, layout_rooms, drop_trap
D:14:     layout_small_grid, lightli_vaults_fourway_checkpoint, serial_bayou,
          serial_bayou_pond_c, serial_bayou_ford_a, serial_bayou_pond_d,
          serial_bayou_lake_a, minmay_crystal_water, ice2_lemuel
D:15:     grunt_enter_depths_snipers, layout_basic,
          nicolae_gozag_cash_rules_everything_around_me
Lair:1:   layout_long_grid, ebering_ghost_reflecting_pool, minivault_11,
          grunt_megastairs_1, infiniplex_staircase_pool, uniq_harold
Lair:2:   layout_cave_pods
Lair:3:   layout_regular_city, elwin_shoals_entry_rooms
Lair:4:   layout_cave_pods, minmay_snake_entry_six_corridors, enter_volcano_4,
          chequers_serial_rivers_micro_e, uniq_urug
Lair:5:   regret_index_harrowing_hell_hive, layout_gridlike,
          minmay_slime_entry_pillars
Lair:6:   grunt_lair_end_beastmaster, layout_small_grid, wad_woods_06,
          serial_bayou_pond_e, kennysheep_rathole
Shoals:1: layout_shoals, regret_index_shoals_crete
Shoals:2: layout_shoals, uniq_polyphemus
Shoals:3: layout_shoals
Shoals:4: shoals_end_hangedman, layout_shoals, nicolae_shoals_hunting_party
Snake:1:  layout_grid_maze
Snake:2:  minmay_snake_river, layout_layer_cave, minmay_shop_grove, uniq_kirke
Snake:3:  layout_chambers, serial_shops, shop_statue, uniq_saint_roka
Snake:4:  grunt_snake_rune_spirals, layout_onion
Orc:1:    minmay_goldmine, layout_caves, basic_altar, mines2_david
Orc:2:    st_orc_elflike, layout_caves
Depths:1: layout_forbidden_donut, serial_bayou_shore_a, grunt_metal_band,
          st_stairs_7, drop_trap, grunt_ministairs_6,
          kennysheep_generic_room_14, kennysheep_cross_landing
Depths:2: evilmike_silver_temple, layout_basic, enter_ziggurat_b, special_room
          [special_room_morgue], hell_entry, grunt_pan_entry_spiral,
          small_statue_intersection, minmay_staircase_windowed_large,
          uniq_enchantress

Skill      XL: |  1  2  3  4  5  6  7  8  9 10 11 12 13 14 15 16 17 18 19 |
---------------+----------------------------------------------------------+-----
Dodging        | 3 4 5 6 7 8 9 10 11 12 13 14 15 | 15.1
Axes           | 4 5 6 7 8 10 12 13 15 16 17 18 | 18.0
Fighting       | 4 5 6 7 8 9 11 12 13 14 15 17 18 19 | 19.5
Shields        | 4 6 8 9 11 12 14 15 | 15.0
Evocations     | 2 5 8 10 11 | 11.4

Action                   |  1- 3 |  4- 6 |  7- 9 | 10-12 | 13-15 | 16-18 | 19-21 || total
-------------------------+-------+-------+-------+-------+-------+-------+-------++-------
Melee: Hand axe          |    89 |   145 |       |       |       |       |       ||   234
       Tailslap          |     7 |    21 |    35 |   112 |   296 |   397 |    60 ||   928
       War axe           |       |    63 |   269 |    82 |       |       |       ||   414
       Battleaxe         |       |       |       |   224 |       |       |       ||   224
       Broad axe         |       |       |       |   373 |  1453 |  1914 |   243 ||  3983
       Bite              |       |       |       |       |   127 |   325 |    43 ||   495
Throw: Throwing net      |       |       |       |       |       |     1 |       ||     1
Invok: Berserk           |     3 |     7 |     9 |    18 |    28 |    29 |     9 ||   103
       Trog's Hand       |       |       |     6 |    14 |    30 |    39 |    15 ||   104
       Brothers in Arms  |       |       |       |     3 |     1 |     4 |       ||     8
 Abil: Breathe Acid      |       |       |     4 |    24 |    16 |    41 |    11 ||    96
Evoke: Phial of floods   |       |       |       |     1 |       |       |       ||     1
       Wand              |       |       |       |       |     4 |    18 |     3 ||    25
       Box of beasts     |       |       |       |       |       |     6 |     5 ||    11
  Use: Scroll            |       |     2 |     1 |    15 |    19 |    16 |     2 ||    55
       Potion            |       |       |       |     1 |       |     3 |       ||     4
 Stab: Sleeping          |       |     1 |     2 |       |     4 |     3 |       ||    10
       Distracted        |       |       |       |     2 |     2 |     4 |     1 ||     9
       Confused          |       |       |       |       |       |     5 |       ||     5
  Eat: Chunk             |     3 |    21 |    25 |    38 |    43 |    46 |    21 ||   197
       Ration            |       |       |       |     9 |    17 |    21 |     1 ||    48
Armor: Skin              |    33 |    59 |    72 |   151 |   208 |   164 |    31 ||   718
Dodge: Dodged            |    66 |   145 |   188 |   530 |   852 |  1063 |   128 ||  2972
       Repelled          |       |       |       |     3 |    37 |   148 |    11 ||   199
Block: Kite shield       |       |       |       |   115 |   706 |  1111 |   163 ||  2095

Table legend:
 A = Non-vault XP
 B = Vault XP
 C = Vault XP percentage of total XP
 D = Non-vault monster count
 E = Vault monster count
 F = Vault count percentage of total count
                 A         B        C        D         E       F
            +---------+---------+-------+---------+---------+-------
      Total |  253620 |  177277 |  41.1 |     855 |     416 |  32.7
            +---------+---------+-------+---------+---------+-------
        D:1 |      55 |       0 |   0.0 |      29 |       0 |   0.0
        D:2 |      90 |      87 |  49.2 |      29 |      12 |  29.3
        D:3 |     159 |       0 |   0.0 |      15 |       0 |   0.0
        D:4 |     300 |       2 |   0.7 |      14 |       1 |   6.7
        D:5 |     383 |     504 |  56.8 |      18 |      10 |  35.7
        D:6 |    1153 |       0 |   0.0 |      26 |       0 |   0.0
        D:7 |     732 |       0 |   0.0 |      18 |       0 |   0.0
        D:8 |    3548 |    1702 |  32.4 |      23 |       7 |  23.3
        D:9 |    1724 |    1034 |  37.5 |      33 |       2 |   5.7
       D:10 |    2623 |     154 |   5.5 |      26 |       8 |  23.5
       D:11 |    1519 |    2174 |  58.9 |      25 |       8 |  24.2
       D:12 |    5036 |    2782 |  35.6 |      29 |       8 |  21.6
       D:13 |    2347 |    1203 |  33.9 |      19 |       4 |  17.4
       D:14 |    7183 |    9079 |  55.8 |      43 |      25 |  36.8
       D:15 |    5229 |    2533 |  32.6 |      22 |       4 |  15.4
     Lair:1 |    2132 |    1842 |  46.4 |       9 |       2 |  18.2
     Lair:2 |    5368 |       0 |   0.0 |      18 |       0 |   0.0
     Lair:3 |    3457 |     466 |  11.9 |      14 |       1 |   6.7
     Lair:4 |    5105 |    2703 |  34.6 |      24 |      13 |  35.1
     Lair:5 |    4836 |    5222 |  51.9 |      18 |      47 |  72.3
     Lair:6 |   15091 |   11667 |  43.6 |      39 |      35 |  47.3
   Shoals:1 |   21990 |    6557 |  23.0 |      51 |      13 |  20.3
   Shoals:2 |   11180 |    5757 |  34.0 |      20 |       5 |  20.0
   Shoals:3 |   14193 |       0 |   0.0 |      23 |       0 |   0.0
   Shoals:4 |   10102 |   19425 |  65.8 |      19 |      28 |  59.6
    Snake:1 |   10461 |       0 |   0.0 |      25 |       0 |   0.0
    Snake:2 |   23691 |    4130 |  14.8 |      42 |      11 |  20.8
    Snake:3 |   28535 |    7597 |  21.0 |      56 |      17 |  23.3
    Snake:4 |   21405 |   59996 |  73.7 |      35 |      95 |  73.1
      Orc:1 |    2545 |     450 |  15.0 |      22 |      18 |  45.0
      Orc:2 |    2811 |    8431 |  75.0 |      22 |      25 |  53.2
   Depths:1 |   37773 |   18059 |  32.3 |      48 |      15 |  23.8
   Depths:2 |     864 |    3721 |  81.2 |       1 |       2 |  66.7
            +---------+---------+-------+---------+---------+-------
